woodfighter, chaotic female orcish Cavewoman ----------------------------------------------------- |....................................%..%...........| |.----------)--.---...----------------------------..| |.| |.|--- |...|..........................|..| |.| ---.|.| -...|.............<...............| |.| |*.)..| .---.....(......).............|..| |.| |-|-..| ..|............)....%.........(|.. |.| |..|..--- ------------------------------ |.| |..|...(| |.| |..|----- |.---- ---- |..I.. ------ woodfighter the Young Cave Woman Experience level: 8 Strength: 18/01 Dexterity: 14 Constitution: 17 Intelligence: 12 Wisdom: 10 Charisma: 6 Health: 0(75) Energy: 26(26) Def: 11 Gold: 0 Moves: 5443 Dungeon seed: 7nUkEUIEimtB7kvq Game ID: woodfighter_1475048964 Your Inventory: Amulets j - an uncursed amulet of magical breathing (being worn) Weapons a - a +1 club (weapon in hand) b - a +2 sling Q - 20 +0 arrows Armor k - an uncursed +0 dwarvish mithril-coat (being worn) n - a blessed +0 dwarvish cloak (being worn) q - a blessed very rusty +2 orcish helm (being worn) s - an uncursed +1 pair of iron shoes (being worn) D - an uncursed +2 mummy wrapping N - an uncursed +0 dwarvish cloak Comestibles d - an uncursed tripe ration f - an uncursed cram ration g - 2 uncursed tins of gnome lord meat w - 3 uncursed mangos x - 2 uncursed bananas B - an uncursed cream pie M - 2 uncursed fortune cookies R - 2 uncursed carrots V - 3 uncursed food rations Potions r - an uncursed potion of extra healing t - a cursed potion of booze u - 3 uncursed potions of booze v - an uncursed potion of full healing z - an uncursed potion of object detection A - 2 blessed potions of booze Rings o - an uncursed ring of slow digestion (on left hand) G - an uncursed ring of shock resistance (on right hand) Wands l - a wand of fire (0:6) Tools y - an uncursed skeleton key W - a +0 pick-axe X - an uncursed towel Z - a blessed oil lamp (lit) (0:934) Gems e - 15 uncursed flints (in quiver) Spells and supernatural/magical abilities: Name Level Category Fail Memory W - pray for help -- divine ? -- Your skills at the end: Miscellaneous Skills bare handed combat [Basic] stealth [Skilled] Weapon Skills scimitar [Basic] club [Expert] sling [Basic] Spellcasting Skills Final Attributes: You were piously aligned. You were cold resistant. You were shock resistant. You were poison resistant. Your writing hand was ok. You had infravision. You were invisible. You were stealthy. You could survive without air. You had slower digestion. You were fast. You are dead. Vanquished creatures: a large mimic a tengu a gelatinous cube a giant beetle a wolf a panther a leprechaun a spotted jelly 6 gnome kings an orc mummy 3 ogres a dog 2 dingos a housecat 2 dwarf lords a blue jelly a raven a plains centaur 5 human zombies a baby crocodile a Mordor orc 2 rock moles 2 fog clouds a violet fungus 12 gnome lords 6 gnomish wizards 2 gray oozes 3 elf zombies a ghoul a giant ant a puppy a kitten 22 dwarves an iguana a centipede a monkey a coyote 4 hobbits 2 acid blobs a gecko a hobgoblin 5 giant rats a cave spider 64 gnomes 2 jackals a fox a kobold 6 sewer rats 9 grid bugs a kobold zombie 190 creatures vanquished. Voluntary challenges: You did not cause conflict. You did not have reflection. You were not displaced. You used a wielded weapon 322 times, starting on turn 127. You did not apply a unicorn horn. You did not use plumbed fixtures. You did not drink any magical draughts. You read items or engraved 3 times, starting on turn 1799. You never genocided any monsters. You never polymorphed an object. You never changed form. You used no wishes. You never split a pudding. You never wrote Elbereth's name. You never violated your personal moral code. Dungeon overview: The Dungeons of Doom: levels 1 to 3 Level 1 (locked box) a fountain a long staircase Level 2 (locked boxes) some fountains stairs to The Gnomish Mines Level 3 The Gnomish Mines: levels 3 to 11 Level 3 stairs to The Dungeons of Doom Level 4 Level 5 some shops, a temple to Anu, a magic chest, some fountains Level 6 Level 7 Level 8 Level 9 Level 10 Level 11 <- You were here a magic chest History has recorded: On T:1 you entered the Dungeons of Doom to retrieve the Amulet of Yendor! On T:113 you reached level 2 of The Dungeons of Doom. On T:576 you reached level 1 of The Gnomish Mines. On T:577 you advanced to experience level 2. On T:847 you reached level 3 of The Dungeons of Doom. On T:996 you advanced to experience level 3. On T:1034 you advanced to experience level 4. On T:1438 you reached level 2 of The Gnomish Mines. On T:1455 you advanced to experience level 5. On T:1666 you reached level 3 of The Gnomish Mines. On T:1714 you advanced to experience level 6. On T:1732 you entered the Minetown temple On T:1741 you opened a magic chest. On T:2545 you advanced to experience level 7. On T:2717 you reached level 4 of The Gnomish Mines. On T:2875 you reached level 5 of The Gnomish Mines. On T:3301 you reached level 6 of The Gnomish Mines. On T:3606 you advanced to experience level 8. On T:3631 you reached level 7 of The Gnomish Mines. On T:4087 you reached level 8 of The Gnomish Mines. On T:4975 you reached level 9 of The Gnomish Mines. On T:4975 you reached the bottom of the Mines. Score breakdown: Gold: 0 ( 0 points) Experience: 8 levels ( 700 points) Exploration: 11 levels ( 300 points) Discoveries: 21 items ( 1050 points) Variety of kills: 50 monsters ( 2000 points) Major goal: reached Mine's End ( 1000 points) Survival: died (score multiplied by 3) Total score: 15150 Latest messages: You hit something. Something claws you! You hit something. Something claws you! You hit something. (2x) Something claws you! You hit something. You attack thin air. Something claws you! You hit the dwarf! Something claws you! Something is engraved here on the floor. You read: "You are now entering the Gnone King's wine cellar.". You kill the dwarf! The hobbit picks up a dwarvish cloak. The hobbit puts on a dwarvish cloak. You kill the hobbit! N - a dwarvish cloak. There is an open door here. There are a few more objects here. You attack thin air. There is an open door here. There are a few objects here. Something claws you! You hit something. Something claws you! You die... Final status: Goodbye woodfighter the Cavewoman, killed by an invisible stalker... You died in The Gnomish Mines on dungeon level 11 with 15150 points, and 0 pieces of gold, after 5443 moves. You were level 8 with a maximum of 75 hit points when you died.